 Dungeon Crawl Stone Soup version 0.17.0 (webtiles) character file.

59017 McCoppin the Ninja (level 14, -8/66 HPs)
             Began as a Felid Berserker on Nov 6, 2015.
             Was the Champion of Trog.
             Mangled by a black mamba (13 damage)
             ... on level 1 of the Snake Pit on Nov 7, 2015.
             The game lasted 02:06:28 (27012 turns).

McCoppin the Ninja (Felid Berserker)               Turns: 27012, Time: 02:06:28

Health: -8/66      AC:  7    Str: 15    XL:     14   Next: 51%
Magic:  11/15      EV: 37    Int:  9    God:    Trog [******]
Gold:   2564       SH:  0    Dex: 22    Spells: 0 memorised, 13 levels left
                                        Lives:  0   Deaths: 4

rFire  . . .     SeeInvis +       - Unarmed
rCold  + + .     Clarity  +     (armour unavailable)
rNeg   . . .     SustAt   .     (shield unavailable)
rPois  .         Gourm    .     (helmet unavailable)
rElec  .         Spirit   .     (cloak unavailable)
rCorr  .         Warding  .     (gloves unavailable)
rMut   .         Stasis   .     (boots unavailable)
MR     ++...                    f - amulet of regeneration
Stlth  ++++++++++               r - ring of protection from cold
                                s - +3 ring of evasion

@: lethally poisoned (-8 -> -25), exhausted, slowed, slow, very resistant to
hostile enchantments, uncannily stealthy
A: no armour, no weapons or thrown items, claws 1, fangs 3, iridescent scales 1,
see invisible, agile 1, carnivore 3, clarity, speed 1, shaggy fur 3, slow
metabolism 1, spit poison 2, strong 1, MP-powered wands, sharp paws
a: Spit Poison, Berserk, Trog's Hand, Brothers in Arms, Burn Spellbooks,
Renounce Religion


You were on level 1 of the Snake Pit.
You worshipped Trog.
Trog was exalted by your worship.
You were full.

You visited 7 branches of the dungeon, and saw 32 of its levels.
You also visited: Volcano.

You collected 2564 gold pieces.

Inventory:

Jewellery
 f - an amulet of regeneration (around neck)
 r - a ring of protection from cold (right paw)
 s - a +3 ring of evasion (left paw)
 v - an uncursed amulet of warding
 E - an uncursed amulet of guardian spirit
 L - an uncursed amulet of resist mutation {unknown}
 U - an uncursed ring of flight
Wands
 l - a wand of teleportation (2)
 u - a wand of lightning (2)
 C - a wand of draining (4)
 H - a wand of polymorph (11)
 I - a wand of digging (8)
 J - a wand of teleportation (7)
 R - a wand of disintegration (7)
Scrolls
 j - a scroll of recharging
 o - 3 scrolls of noise
 q - 7 scrolls of remove curse
 x - 2 scrolls of immolation
 y - 3 scrolls of vulnerability
 B - 2 scrolls of silence
 N - 3 scrolls of fog
 Z - 3 scrolls of teleportation
Potions
 b - 3 potions of agility
 d - 2 potions of magic
 e - a potion of brilliance
 g - 8 potions of might
 i - 3 potions of poison
 k - 9 potions of curing
 n - 3 potions of berserk rage
 p - 2 potions of haste
 w - 7 potions of degeneration
 z - 3 potions of resistance
 K - a potion of flight
Books
 m - a book of Beasts

   Spells                             Type                      Level
   a - Summon Butterflies             Summoning                    1
   b - Call Canine Familiar           Summoning                    3
   c - Summon Ice Beast               Ice/Summoning                4
   d - Summon Mana Viper              Hexes/Summoning              5
   e - Summon Hydra                   Summoning                    7
   Trog disapproves of the use of such an item.
 D - a book of Maledictions

   Spells                             Type                      Level
   a - Corona                         Hexes                        1
   b - Ensorcelled Hibernation        Hexes/Ice                    2
   c - Confuse                        Hexes                        3
   d - Tukima's Dance                 Hexes                        3
   e - Dazzling Spray                 Conjuration/Hexes            3
   Trog disapproves of the use of such an item.
 O - a book of Maledictions

   Spells                             Type                      Level
   a - Corona                         Hexes                        1
   b - Ensorcelled Hibernation        Hexes/Ice                    2
   c - Confuse                        Hexes                        3
   d - Tukima's Dance                 Hexes                        3
   e - Dazzling Spray                 Conjuration/Hexes            3
   Trog disapproves of the use of such an item.
Comestibles
 a - 8 meat rations
 c - 9 royal jellies
 t - 10 beef jerkies
 F - 2 slices of pizza


   Skills:
 - Level 10.0 Fighting
 + Level 15.2 Dodging
 O Level 27 Stealth
 * Level 11.3 Unarmed Combat


You had 13 spell levels left.
You didn't know any spells.

Dungeon Overview and Level Annotations

Branches:
Dungeon (15/15)            Temple (0/1) D:5            Lair (8/8) D:10
 Shoals (2/4) Lair:4        Snake (1/4) Lair:3        Slime (0/6) Lair:8
    Orc (4/4) D:12            Elf (1/3) Orc:4        Vaults (0/5) D:14
 Depths (1/5) D:15

Altars:
Ashenzari
Fedhas
Gozag
Makhleb
Nemelex Xobeh
Sif Muna
Trog
Vehumet
Zin
The Shining One
Beogh
Jiyva

Shops:
D:12 :   D:14 **   Orc:1 [   Orc:3 *   Orc:4 (%}:

Annotations:
Lair:8 1 runed door


Innate Abilities, Weirdness & Mutations

You cannot wear armour.
You are incapable of wielding weapons or throwing items.
You have sharp claws.
You have razor-sharp teeth.
You have supernaturally acute eyesight.
You are carnivorous and can eat meat at any time.
You cover ground quickly.
Your thick and shaggy fur keeps you warm (AC +3, rC+).
You have a slow metabolism.
Your sharp claws are effective at attacking unaware monsters.
You are partially covered in iridescent scales (AC +4).
You are agile. (Dex +2)
You possess an exceptional clarity of mind.
You can spit poison.
Your muscles are strong. (Str +2)
You expend magic power (3 MP) to strengthen your wands.


Message History

Trog accepts your kill.
You are no longer berserk.
You are exhausted.
You feel yourself slow down.
* * * LOW HITPOINT WARNING * * *
You feel sick. The black mamba misses you. The mana viper barely misses you.
The black mamba misses you.
Drink which item? (? for menu, Esc to quit)
You feel much better.
You feel very sick.
The black mamba completely misses you. x2
The black mamba misses you. The mana viper barely misses you.
The black mamba closely misses you. The black mamba bites you.
The black mamba completely misses you. The mana viper completely misses you.
The black mamba bites you!
* * * LOW HITPOINT WARNING * * *
The black mamba bites you!
* * * LOW HITPOINT WARNING * * *
The black mamba bites you!
You die...

.............
..........#..
.........#..
......>.....
............
####
.........##
#..## #...#
#.S@#
#.SSS......
#..S.......
#......#...
..## ###...##
.. .... #....
.N.N ......
.NS. .......
..##


N You could see a mana viper and 4 black mambas.

Vanquished Creatures
  Rupert (Lair:5)
  Kirke (Lair:6)
  The ghost of SKei0 the Warrior, an adept GrFi of Okawaru (D:15)
  Maud (D:13)
  Nessos (Lair:5)
  Azrael (D:13)
  Snorg (D:13)
  4 vault guards (D:14)
  A merfolk impaler (Shoals:2)
  A yaktaur captain (D:15)
  13 hydras
  A catoblepas (Lair:6)
  4 centaur warriors
  A shock serpent (Snake:1)
  A tengu warrior (Depths:1)
  5 ogre magi
  Sonja (D:13)
  4 skeletal warriors (D:14)
  A naga ritualist (Snake:1)
  2 sea snakes (Shoals:1)
  2 lindwurms
  4 hill giants
  2 unseen horrors
  2 ugly things
  2 orc knights
  4 cyclopes
  2 griffons
  A wizard (Depths:1)
  2 manticores
  4 mana vipers (Snake:1)
  A salamander (Snake:1)
  11 elephants
  3 sirens
  Maurice (D:8)
  6 black mambas
  A water nymph (Shoals:2)
  Joseph (D:9)
  A naga mage (Snake:1)
  3 gargoyles
  10 spiny frogs
  3 komodo dragons
  A yaktaur (D:15)
  5 fire drakes
  A tengu conjurer (D:14)
  3 kobold demonologists (D:11)
  A polar bear (Lair:8)
  10 trolls
  A harpy zombie (D:13)
  A freezing wraith (D:15)
  2 wind drakes
  5 merfolk
  A trapdoor spider zombie (D:13)
  15 two-headed ogres
  A boulder beetle (Lair:6)
  14 blink frogs
  2 slime creatures (D:13)
  2 snapping turtles
  A shadow (D:12)
  3 water elementals
  2 trapdoor spiders (D:14)
  A hog (Lair:6)
  7 basilisks
  37 yaks
  A deep elf mage (Elf:1)
  2 fire bats (Volcano)
  A wraith (D:15)
  4 fire elementals (D:13)
  2 deep elf fighters
  2 wyverns
  A human (D:14)
  2 vampires (D:14)
  21 wolves
  9 hippogriffs
  A soldier ant (shapeshifter) (D:15)
  2 wargs
  5 nagas
  A hungry ghost (D:9)
  3 vampire mosquitoes (D:14)
  3 soldier ants
  20 water moccasins
  A phantom (D:10)
  2 hell hounds (D:13)
  9 porcupines
  A spider (D:9)
  4 ice beasts
  19 orc warriors
  3 sky beasts
  4 black bears
  25 ogres
  An eye of draining (D:12)
  13 crocodiles
  24 centaurs
  6 big kobolds
  A big kobold (shapeshifter) (D:15)
  23 giant frogs
  A brain worm (D:9)
  4 killer bees (D:12)
  8 scorpions
  10 electric eels
  12 wights
  5 crimson imps
  18 orc priests
  2 giant frog zombies
  2 quasits
  3 lava snakes (Volcano)
  6 hounds
  2 giant frog skeletons
  2 centaur skeletons
  3 jellies
  23 orc wizards
  14 worker ants
  Terence (D:3)
  8 iguanas
  Natasha (D:3)
  11 sheep
  2 hound skeletons (D:10)
  18 river rats
  3 gnolls (D:5)
  13 adders
  3 shadow imps
  An ooze (D:4)
  3 adder skeletons
  5 giant geckos
  168 orcs
  A ball python (D:4)
  8 bats
  5 giant cockroaches
  11 goblins
  6 hobgoblins
  10 jackals
  A quokka (D:5)
  A giant gecko zombie (D:7)
  6 giant newts
  30 kobolds
  4 rats
879 creatures vanquished.

Vanquished Creatures (collateral kills)
  2 two-headed ogres (Orc:4)
  8 ogres (Orc:4)
10 creatures vanquished.

Vanquished Creatures (others)
  A human (Lair:6)
  An orc (D:12)
  6 plants
8 creatures vanquished.

Grand Total: 897 creatures vanquished

Notes
Turn   | Place    | Note
--------------------------------------------------------------
     0 | D:1      | McCoppin the Felid Berserker began the quest for the Orb.
     0 | D:1      | Reached XP level 1. HP: 10/10 MP: 2/2
    53 | D:1      | Reached skill level 1 in Stealth
   219 | D:1      | Reached XP level 2. HP: 5/14 MP: 3/3
   921 | D:1      | Reached ** piety under Trog
  1470 | D:2      | Reached XP level 3. HP: 9/17 MP: 4/4
  1930 | D:2      | Found a shattered altar of Ashenzari.
  2235 | D:3      | Reached skill level 5 in Stealth
  2256 | D:3      | Noticed Terence
  2266 | D:3      | Reached skill level 6 in Stealth
  2266 | D:3      | Reached XP level 4. HP: 9/21 MP: 5/5
  2271 | D:3      | Killed Terence
  2540 | D:3      | Reached skill level 7 in Stealth
  2540 | D:3      | Reached XP level 5. HP: 24/24 MP: 6/6
  2751 | D:3      | Found a blossoming altar of Fedhas.
  2832 | D:3      | Noticed Natasha
  2839 | D:3      | Killed Natasha
  2863 | D:3      | Reached *** piety under Trog
  2872 | D:3      | Reached skill level 8 in Stealth
  3240 | D:4      | Found a bloodstained altar of Trog.
  3522 | D:4      | Gained mutation: You are covered in thick fur (AC +2). [Felid growth]
  3522 | D:4      | Reached XP level 6. HP: 16/28 MP: 7/7
  3532 | D:4      | Reached skill level 9 in Stealth
  3965 | D:5      | Entered Level 5 of the Dungeon
  4086 | D:5      | Found a staircase to the Ecumenical Temple.
  4102 | D:5      | Reached skill level 10 in Stealth
  4125 | D:5      | Reached XP level 7. HP: 7/31 MP: 8/8
  4189 | D:5      | Reached skill level 11 in Stealth
  4496 | D:5      | Reached **** piety under Trog
  4496 | D:5      | Reached skill level 12 in Stealth
  4699 | D:5      | Reached XP level 8. HP: 33/35 MP: 9/9
  5026 | D:6      | Reached skill level 5 in Dodging
  5506 | D:7      | Found a deep blue altar of Sif Muna.
  5573 | D:7      | Reached skill level 5 in Fighting
  5678 | D:7      | Got a polished leather armour
  5692 | D:7      | Identified the +2 leather armour of the Ten Suns {+Blink rF+ Str+4} (You found it on level 7 of the Dungeon)
  6031 | D:7      | Gained mutation: You evolve. [mutagenic meat]
  6032 | D:7      | Gained mutation: You can spit weak poison. [mutagenic meat]
  6033 | D:7      | Gained mutation: You are agile. (Dex +2) [mutagenic meat]
  6034 | D:7      | Gained mutation: You expend magic power (3 MP) to strengthen your wands. [mutagenic meat]
  6104 | D:8      | Reached XP level 9. HP: 40/42 MP: 10/10
  6351 | D:8      | Noticed Maurice
  6363 | D:8      | Killed Maurice
  6456 | D:8      | Found an opulent altar of Gozag.
  6543 | D:8      | Found a radiant altar of Vehumet.
  6770 | D:8      | Noticed an unseen horror
  6929 | D:8      | Killed an unseen horror
  6929 | D:8      | Reached skill level 10 in Dodging
  7043 | D:9      | Reached ***** piety under Trog
  7220 | D:9      | Reached XP level 10. HP: 49/49 MP: 11/11
  7437 | D:9      | Slain by an orc warrior
  7438 | D:9      | Reached XP level 9. HP: 0/67 MP: 10/10
  7596 | D:9      | Found a glowing golden altar of the Shining One.
  7630 | D:9      | Noticed Joseph
  7644 | D:9      | Killed Joseph
  7850 | D:10     | Entered Level 10 of the Dungeon
  8173 | D:10     | Lost mutation: You are agile. (Dex +2) [mutagenic meat]
  8174 | D:10     | Gained mutation: Your muscles are strong. (Str +2) [mutagenic meat]
  8175 | D:10     | Gained mutation: You have a pair of small horns on your head. [mutagenic meat]
  8215 | D:10     | Slain by an orc warrior
  8216 | D:10     | Reached XP level 8. HP: -1/43 MP: 9/9
  8247 | D:10     | Noticed an unseen horror
  8247 | D:10     | Noticed a centaur zombie
  8426 | D:10     | Found a staircase to the Lair.
  8427 | D:10     | Noticed a fire drake
  8452 | D:10     | Killed a fire drake
  8452 | D:10     | Reached skill level 10 in Fighting
  8452 | D:10     | Reached XP level 9. HP: 39/46 MP: 10/10
  8633 | D:10     | Noticed a centaur skeleton
  8638 | D:10     | Noticed a hill giant
  8639 | D:10     | Killed a centaur skeleton
  8639 | D:10     | Reached skill level 5 in Unarmed Combat
  8643 | D:10     | Killed a hill giant
  8763 | D:10     | Reached skill level 13 in Dodging
  8763 | D:10     | Reached XP level 10. HP: 46/51 MP: 11/11
  8828 | D:11     | Found a burning altar of Makhleb.
  9072 | D:11     | Found a sparkling altar of Nemelex Xobeh.
  9107 | D:11     | Noticed a soul eater
  9109 | D:11     | Noticed a soul eater
  9141 | D:11     | Noticed a rust devil
  9200 | D:11     | Noticed a cyclops
  9213 | D:11     | Killed a cyclops
  9221 | D:11     | Gained mutation: You possess an exceptional clarity of mind. [potion of mutation]
  9221 | D:11     | Gained mutation: You can spit poison. [potion of mutation]
  9528 | D:11     | Reached XP level 11. HP: 54/54 MP: 12/12
  9531 | D:11     | Reached ****** piety under Trog
  9629 | D:11     | Noticed a purple ugly thing
  9639 | D:11     | Killed a purple ugly thing
  9639 | D:11     | Reached skill level 14 in Dodging
  9668 | D:11     | Noticed a hill giant
  9815 | D:11     | Killed a hill giant
  9953 | D:12     | Found Metam's Book Boutique.
 10047 | D:12     | Found a staircase to the Orcish Mines.
 10105 | D:12     | Noticed a hill giant
 10116 | D:12     | Killed a hill giant
 10154 | D:12     | Noticed a hill giant
 10158 | D:12     | Noticed a four-headed hydra
 10175 | D:12     | Killed a hill giant
 10175 | D:12     | Reached skill level 10 in Unarmed Combat
 10468 | D:12     | Noticed a skeletal warrior
 10468 | D:12     | Noticed a skeletal warrior
 10493 | D:12     | Noticed a skeletal warrior
 10493 | D:12     | Noticed a skeletal warrior
 10497 | D:12     | Noticed a skeletal warrior
 10586 | D:12     | Noticed an unseen horror
 10632 | D:12     | Killed an unseen horror
 10802 | Lair:1   | Entered Level 1 of the Lair of Beasts
 11076 | Lair:1   | Reached skill level 15 in Dodging
 11595 | Lair:2   | Gained mutation: Your thick and shaggy fur keeps you warm (AC +3, rC+). [Felid growth]
 11595 | Lair:2   | Reached XP level 12. HP: 58/58 MP: 13/13
 11965 | Lair:2   | Noticed a seven-headed hydra
 11972 | Lair:2   | Killed a seven-headed hydra
 12107 | Lair:2   | Gained mutation: You are agile. (Dex +2) [evolution]
 12859 | Lair:3   | Found a burning altar of Makhleb.
 12869 | Lair:3   | Noticed a four-headed hydra
 12876 | Lair:3   | Killed a four-headed hydra
 12876 | Lair:3   | Reached skill level 15 in Stealth
 12904 | Lair:3   | Found a staircase to the Snake Pit.
 13398 | Lair:3   | Reached skill level 16 in Stealth
 13855 | Lair:4   | Noticed a five-headed hydra
 13862 | Lair:4   | Killed a five-headed hydra
 13867 | Lair:4   | Found a glowing silver altar of Zin.
 13875 | Lair:4   | Noticed a four-headed hydra
 13880 | Lair:4   | Killed a four-headed hydra
 14106 | Lair:4   | Found a staircase to the Shoals.
 14108 | Lair:4   | Reached skill level 17 in Stealth
 14659 | Lair:5   | Reached XP level 13. HP: 61/61 MP: 14/14
 14701 | Lair:5   | Noticed Nessos
 14711 | Lair:5   | Killed Nessos
 14839 | Lair:5   | Reached skill level 18 in Stealth
 14912 | Lair:5   | Lost mutation: You evolve. [evolution]
 15072 | Lair:5   | Noticed a four-headed hydra
 15100 | Lair:5   | Killed a four-headed hydra
 15186 | Lair:5   | Noticed Rupert
 15197 | Lair:5   | Killed Rupert
 15197 | Lair:5   | Reached skill level 19 in Stealth
 15605 | Lair:6   | HP: 3/91 [eight-headed hydra (6)]
 15828 | Lair:6   | Noticed Kirke
 15832 | Lair:6   | Killed Kirke
 15832 | Lair:6   | Reached skill level 20 in Stealth
 17111 | Lair:7   | Reached skill level 21 in Stealth
 17282 | Lair:7   | Reached XP level 14. HP: 44/66 MP: 15/15
 17827 | Lair:8   | Entered Level 8 of the Lair of Beasts
 18064 | Lair:8   | Found a labyrinth entrance.
 18237 | Lair:8   | Found a runed door.
 18258 | Lair:8   | Reached skill level 22 in Stealth
 18345 | Lair:8   | Found a viscous altar of Jiyva.
 18677 | Lair:8   | Found a staircase to the Slime Pits.
 19052 | D:13     | Lost mutation: You have a pair of small horns on your head. [mutagenic meat]
 19079 | D:13     | Noticed Snorg
 19080 | D:13     | Noticed Sonja
 19232 | D:13     | Killed Sonja
 19242 | D:13     | Killed Snorg
 19297 | D:13     | Gained mutation: Your flesh is heat resistant. [potion of beneficial mutation]
 19349 | D:13     | Noticed Maud
 19375 | D:13     | Killed Maud
 19375 | D:13     | Reached skill level 23 in Stealth
 19694 | D:13     | Noticed Azrael
 19710 | D:13     | Killed Azrael
 19920 | D:13     | Slain by a slime creature
 19921 | D:13     | Reached XP level 13. HP: -2/91 MP: 14/14
 20260 | D:14     | Found Focots's Blood Bar.
 20508 | D:14     | Found Odelol's General Store.
 20664 | D:15     | Entered Level 15 of the Dungeon
 20787 | D:15     | Reached skill level 24 in Stealth
 20898 | D:15     | Lost mutation: Your flesh is heat resistant. [mutagenic meat]
 20934 | D:15     | Gained mutation: You are partially covered in iridescent scales (AC +4). [mutagenic meat]
 21068 | D:15     | Noticed SKei0's ghost (adept GrFi)
 21094 | D:14     | Killed from afar by an electric eel
 21095 | D:14     | Reached XP level 12. HP: 0/58 MP: 13/13
 21208 | D:15     | Killed SKei0's ghost
 21347 | D:15     | Found a staircase to the Depths.
 21367 | D:15     | Reached XP level 13. HP: 11/61 MP: 14/14
 21659 | D:12     | Noticed a four-headed hydra
 21667 | D:12     | Killed a four-headed hydra
 21674 | D:12     | Killed a four-headed hydra
 21746 | Orc:1    | Entered Level 1 of the Orcish Mines
 21749 | Orc:1    | Found Lymiarph's Armour Boutique.
 21944 | Orc:2    | Found a roughly hewn altar of Beogh.
 22935 | Orc:3    | Found Dennir's General Store.
 23490 | Orc:4    | Entered Level 4 of the Orcish Mines
 23520 | Orc:4    | Reached skill level 25 in Stealth
 23616 | Orc:4    | Found a dark tunnel.
 23627 | Volcano  | Entered a volcano
 23750 | Volcano  | Found a bloodstained altar of Trog.
 24136 | Orc:4    | Found Mesoziur's Weapon Emporium.
 24136 | Orc:4    | Found Lokio's Food Shop.
 24137 | Orc:4    | Found Ymytig's Gadget Shop.
 24137 | Orc:4    | Found Rale's Book Shoppe.
 24289 | Orc:4    | Found a staircase to the Elven Halls.
 24534 | Elf:1    | Entered Level 1 of the Elven Halls
 25072 | Shoals:1 | Entered Level 1 of the Shoals
 25147 | Shoals:1 | Reached XP level 14. HP: 66/66 MP: 15/15
 25174 | Shoals:1 | Reached skill level 26 in Stealth
 25945 | D:14     | Found a gate to the Vaults.
 26310 | Depths:1 | Entered Level 1 of the Depths
 26329 | Depths:1 | HP: 3/66 [centaur/poisoned arrow[a centaur warrior] (5)]
 26330 | Depths:1 | Noticed a sphinx
 26330 | D:15     | HP: 1/66 [poisoned by a centaur]
 26680 | Snake:1  | Entered Level 1 of the Snake Pit
 26996 | Snake:1  | Reached skill level 27 in Stealth
 27011 | Snake:1  | HP: 2/66 [poisoned by a black mamba]
 27012 | Snake:1  | Mangled by a black mamba

Action                   |  1- 3 |  4- 6 |  7- 9 | 10-12 | 13-15 || total
-------------------------+-------+-------+-------+-------+-------++-------
Melee: Unarmed           |   115 |   109 |   623 |   712 |  1401 ||  2960
Invok: Berserk           |     1 |     1 |     8 |    17 |    26 ||    53
       Trog's Hand       |       |       |     1 |     5 |    11 ||    17
       Brothers in Arms  |       |       |       |     1 |     2 ||     3
 Abil: Spit Poison       |       |       |     1 |       |       ||     1
  Use: Scroll            |       |     6 |     2 |    18 |    14 ||    40
       Potion            |       |     6 |     6 |     3 |     6 ||    21
 Stab: Sleeping          |     9 |    20 |    41 |    51 |   115 ||   236
       Distracted        |       |       |     3 |     3 |     9 ||    15
  Eat: Chunk             |    10 |     3 |    33 |    26 |    66 ||   138
       Meat ration       |       |       |     1 |     1 |     1 ||     3
